 Dungeon Crawl Stone Soup version 0.19-a0-1821-g42c593c (webtiles) character file.

833 poirepourri the Cudgeler (level 7, 0/44 HPs)
             Began as a Gargoyle Fighter on Oct 6, 2016.
             Slain by Duvessa
             ... wielding a +5 short sword of electrocution
              (6 damage)
             ... on level 5 of the Dungeon.
             The game lasted 00:07:14 (5760 turns).

poirepourri the Cudgeler (Gargoyle Fighter)         Turns: 5760, Time: 00:07:14

Health: 0/44       AC: 15    Str: 19 (20) XL:     7   Next: 98%
Magic:  7/7        EV: 13    Int:  8 (9)  God:
Gold:   326        SH: 10    Dex: 12 (15) Spells: 0 memorised, 6 levels left

rFire  . . .     SeeInvis .     a - +0 flail
rCold  . . .     Gourm    .     b - +0 scale mail
rNeg   + + .     Faith    .     c - +1 shield
rPois  ∞         Spirit   .     (no helmet)
rElec  +         Dismiss  .     r - +0 cloak
rCorr  .         Reflect  .     e - +1 pair of gloves
MR     +....     Harm     .     (no boots)
Stlth  +.........               h - amulet of magic regeneration
                                t - ring of protection from magic
                                l - ring of positive energy

@: agile, exhausted, flying, slowed, very slow
A: negative energy resistance 1, electricity resistance, unbreathing,
petrification resistance, rot immunity, AC +4
a: no special abilities


You were on level 5 of the Dungeon.
You were not hungry.

You visited 1 branch of the dungeon, and saw 5 of its levels.

You collected 326 gold pieces.

Inventory:

Hand Weapons
 a - a +0 flail (weapon)
Missiles
 s - 2 tomahawks (quivered)
Armour
 b - a +0 scale mail (worn)
 c - a +1 shield (worn)
 e - a +1 pair of gloves (worn)
 r - a +0 cloak (worn)
Jewellery
 h - an amulet of magic regeneration (around neck)
 k - an uncursed ring of positive energy
 l - a ring of positive energy (left hand)
 t - a ring of protection from magic (right hand)
 v - an uncursed ring of ice {unknown}
 y - the ring "Ilyrphoil" {rElec rN+++ Str-4 Int+4 SInv, unknown}
   (You found it on level 5 of the Dungeon)

   [ring of see invisible]

   It affects your strength (-4).
   It affects your intelligence (+4).
   It insulates you from electricity.
   It renders you almost immune to negative energy.
   It lets you see invisible.
Scrolls
 f - a scroll of immolation {unknown}
 j - 3 scrolls of enchant armour
 m - a scroll of remove curse
 w - 2 scrolls of identify
Potions
 g - 3 potions of mutation
 n - a potion of berserk rage
 o - a potion of magic
 p - 2 potions of brilliance
Comestibles
 d - a beef jerky
 x - a bread ration


   Skills:
 + Level 5.4 Fighting
 + Level 7.1 Maces & Flails
 - Level 3.4 Armour
 + Level 2.3 Dodging
 - Level 3.5 Shields


You had 6 spell levels left.
You didn't know any spells.

Dungeon Overview and Level Annotations

Branches:
Dungeon (5/15)             Temple (0/1) D:4

Altars:

Shops:
D:4 (   D:5 =

Annotations:
D:5 Duvessa


Innate Abilities, Weirdness & Mutations

You are resistant to torment.
Your stone body is resilient. (AC +4)
You are immune to poison.
You resist negative energy. (rN+)
You are resistant to electric shocks. (rElec)
You can survive without breathing.
You are immune to petrification.
You are immune to rotting.


Message History

It was a potion of flight.
You feel very buoyant.
You fly up into the air.
Duvessa hits you but does no damage. The adder bites you but does no damage.
The adder misses you. You block Duvessa's attack.
It was a potion of degeneration.
There was something very wrong with that liquid.
You feel weakened.
You feel dopey.
You feel clumsy. Duvessa closely misses you. The adder barely misses you.
You block Duvessa's attack. The adder completely misses you.
You're too exhausted to go berserk.
You closely miss Duvessa.
Duvessa is severely wounded.
Duvessa hits you with a short sword of electrocution.
* * * LOW HITPOINT WARNING * * *
You block the adder's attack. You block Duvessa's attack.
The adder bites you but does no damage. You block Duvessa's attack.
The adder barely misses you.
Duvessa hits you with a short sword of electrocution.
You die...

# ### ### ### ####
###8###8###8###8### #...
..................# ##...
......)...........# #....
.......S@.........###....
###8##.e.##8###8#........
#...#### #####......
#8...8###### #..##.#
##...##....# #.....#
#...#####.## #.#####
#...# #..# #.##...
8...8#####.###†##...
#..............


You could see Duvessa (berserk) and an adder.

Vanquished Creatures
  2 ogres (D:4)
  2 centaurs (D:5)
  Dowan (D:5)
  The ghost of poirepourri the Sneak, a weakling SpEn (D:3)
  2 hounds (D:4)
  2 orc wizards (D:3)
  Crazy Yiuf (D:3)
  2 worker ants (D:4)
  Terence (D:1)
  4 adders
  5 gnolls
  An ooze (D:2)
  An adder skeleton (D:4)
  2 worms
  5 dart slugs
  2 leopard geckos (D:3)
  12 orcs
  3 ball pythons
  5 giant cockroaches
  9 goblins
  9 hobgoblins
  3 jackals
  6 kobolds
  3 quokkas
  8 bats
  3 frilled lizards
  A leopard gecko skeleton (D:4)
  14 rats
110 creatures vanquished.

Notes
Turn   | Place    | Note
-------+----------+-------------------------------------------
     0 | D:1      | poirepourri the Gargoyle Fighter began the quest for the Orb.
     0 | D:1      | Reached XP level 1. HP: 14/14 MP: 1/1
   196 | D:1      | Reached XP level 2. HP: 19/19 MP: 2/2
   510 | D:1      | Reached XP level 3. HP: 24/24 MP: 3/3
   778 | D:2      | Noticed Terence
   808 | D:1      | Killed Terence
   808 | D:1      | Reached skill level 3 in Maces & Flails
   808 | D:1      | Reached XP level 4. HP: 27/29 MP: 4/4
  2082 | D:3      | Noticed poirepourri's ghost (weakling SpEn)
  2093 | D:3      | Reached XP level 5. HP: 33/33 MP: 5/5
  2100 | D:3      | Reached skill level 4 in Maces & Flails
  2121 | D:3      | Killed poirepourri's ghost
  2121 | D:3      | Reached skill level 1 in Dodging
  3207 | D:3      | Reached XP level 6. HP: 39/39 MP: 6/6
  3231 | D:3      | Reached skill level 5 in Maces & Flails
  3417 | D:3      | Found a runed door.
  4128 | D:3      | Noticed Crazy Yiuf
  4140 | D:3      | Killed Crazy Yiuf
  4582 | D:4      | Reached skill level 5 in Fighting
  4622 | D:4      | Reached XP level 7. HP: 40/44 MP: 7/7
  4637 | D:4      | Reached skill level 6 in Maces & Flails
  4886 | D:4      | Found a staircase to the Ecumenical Temple.
  4992 | D:4      | Found Kuiph's Weapon Emporium.
  5351 | D:5      | Entered Level 5 of the Dungeon
  5364 | D:5      | Found Gaixef's Jewellery Boutique.
  5695 | D:5      | Got a shimmering iron ring
  5731 | D:5      | Noticed Dowan
  5733 | D:5      | Noticed Duvessa
  5742 | D:5      | Killed Dowan
  5742 | D:5      | Reached skill level 7 in Maces & Flails
  5760 | D:5      | Slain by Duvessa

Vault maps used:
D:1:      minmay_arrival_nine_rooms, kennysheep_doodads
D:2:      minmay_pentomino_s4, uniq_terence
D:3:      uniq_crazy_yiuf_cottage
D:4:      serial_shops, shop, cheibrodos_gnoll_hut
D:5:      serial_corexii_hall, corexii_hall_statues_l, corexii_hall_statues_i,
          corexii_hall_statues_deadend, corexii_hall_statues_i,
          corexii_hall_statues_u, corexii_hall_statues_t, serial_shops,
          nicolae_shop_window_shopping, first_bread, uniq_duvessa

Skill      XL: |  1  2  3  4  5  6  7 |
---------------+----------------------+-----
Fighting       | 4 5 |  5.4
Maces & Flails | 3 4 5 7 |  7.1
Dodging        | 1 2 |  2.3
Armour         | |  3.4
Shields        | |  3.5

Action                   |  1- 3 |  4- 6 |  7- 9 || total
-------------------------+-------+-------+-------++-------
Melee: Flail             |    97 |   306 |    96 ||   499
  Use: Scroll            |     1 |    11 |     3 ||    15
       Potion            |     1 |     1 |     4 ||     6
  Eat: Meat ration       |       |     1 |       ||     1
       Bread ration      |       |     1 |     1 ||     2
       Beef jerky        |       |     2 |       ||     2
       Pizza             |       |     1 |       ||     1
Armor: Scale mail        |    80 |   141 |    49 ||   270
Dodge: Dodged            |    57 |    82 |    41 ||   180
Block: Shield            |    84 |   178 |    59 ||   321
